AoeStats
← texasattorneygw

Arena

510260594Analyzed
1v1 RM · 18h ago on Sep 30, 2026· 55m 57s· 2 players
Game mode
Random Map
Map size
Tiny (2 player)
Population
200
Speed
Normal
Resources
Standard
Victory
Conquest
Starting age
Dark Age
Ending age
Imperial Age
RankedLock teamsTeams togetherTeam positionsShared explorationLock speedFull tech treeHidden civsTurbo modeCheats
Victory
Defeat
🇩🇪 Burgundians · Germany
939
+17
🇺🇸 Koreans · United States
956
-36
HellasFip
5:40 Double-Bit Axe
9:20 Feudal Age
9:52 Horse Collar
15:08 Castle Age
14:13 Bow Saw
20:43 Sanctity
22:20 Fletching
22:04 Elite Skirmisher
24:20 Padded Archer Armor
25:23 Stone Mining
26:39 Loom
27:57 Bodkin Arrow
28:59 Leather Archer Armor
30:49 Ballistics
32:16 Town Watch
33:07 Wheelbarrow
32:44 Heavy Plow
35:30 Imperial Age
33:22 Scale Barding Armor
33:28 Forging
33:48 Squires
36:37 Gold Mining
37:18 Conscription
37:58 Bracer
40:07 Husbandry
40:10 Scale Mail Armor
40:55 Cavalier
44:08 Hand Cart
44:36 Iron Casting
47:36 Onager
49:46 Chain Barding Armor
50:26 Blast Furnace
49:39 Light Cavalry
50:47 Paladin
52:51 Plate Barding Armor
52:06 Hussar
55:43 Burgundian Vineyards
texasattorneygw
8:21 Loom
10:09 Feudal Age
10:35 Double-Bit Axe
12:00 Horse Collar
12:50 Loom
13:00 Loom
17:41 Castle Age
16:07 Gold Mining
17:08 Fletching
19:07 Bow Saw
20:36 Bodkin Arrow
23:22 Wheelbarrow
23:30 Devotion
32:24 Imperial Age
33:37 Conscription
32:45 Capped Ram
33:40 Elite War Wagon
40:37 Chemistry
40:48 Two-Man Saw
39:52 Heavy Plow
40:29 Pikeman
41:36 Halberdier
43:49 Squires
45:15 Scale Mail Armor
45:16 Bracer
52:09 Chain Mail Armor
52:05 Forging
53:28 Shinkichon
54:48 Plate Mail Armor
55:18 Gold Shaft Mining
Connection lost

Rejoining the realm…

Still unreachable

The connection could not be restored.

Session expired

The server has moved on; the page needs a fresh start.